cohdb
Replays
Latest Replays
All Replays
Popular Replays
Top Player Replays
Match Explorer
How It Works
Community
CoH3 Stats
Reddit
Sign in to upload your games and track your stats! →
Sign in with Steam
[Panzerfaust][Bug] Bug abuser spotted
Match 40091607
Overview
Messages
Build Orders
End
Panzergrenadier Squad
Panzergrenadier Squad
Panzergrenadier Squad
Construct Light Support Kompanie
2.5-tonne Medical Truck
Fire Support Elements
Selects Panzerjäger Kommand Battlegroup
Selects Mine Fields
Selects Tank Busters
Construct Panzerarmee Kommand
Panzerjäger Mechanized Group
Selects Crew Shock Tactics
Selects Defensive Positions
Panzer III L Medium Tank
Panzer III L Medium Tank
Tungsten Core Ammunition
Dsadow
Wunderwaffe von Steiner
Madfox
Pepuz
0
0
Comments
sign in to comment!
No comments posted yet!